 Dungeon Crawl Stone Soup version 0.19-a0-1532-g228a5d9 (webtiles) character file.

723 sveltemanboy the Slasher (level 7, -3/50 HPs)
             Began as a Demonspawn Gladiator on Sept 10, 2016.
             Was an Initiate of Yredelemnul.
             Slain by George's ghost (8 damage)
             ... on level 5 of the Dungeon on Sept 13, 2016.
             The game lasted 00:15:03 (4193 turns).

sveltemanboy the Slasher (Demonspawn Gladiator)     Turns: 4193, Time: 00:15:04

Health: -3/50      AC:  8    Str: 18    XL:     7   Next: 43%
Magic:  9/9        EV: 15    Int: 14    God:    Yredelemnul [......]
Gold:   222        SH:  0    Dex: 13    Spells: 0 memorised, 6 levels left

rFire  . . .     SeeInvis .     a - +0 long sword
rCold  . . .     Gourm    .     r - +0 ring mail (curse)
rNeg   . . .     Faith    .     (no shield)
rPois  .         Spirit   .     c - +0 helmet
rElec  .         Dismiss  .     x - +0 cloak {MR+}
rCorr  .         Reflect  .     (no gloves)
MR     +....     Harm     .     (no boots)
Stlth  +.........               (no amulet)
                                (no ring)
                                (no ring)

@: brilliant, flying
A: repulsion field 2, powered by pain 1
a: Renounce Religion


You were on level 5 of the Dungeon.
You worshipped Yredelemnul.
Yredelemnul was noncommittal.
You were hungry.

You visited 2 branches of the dungeon, and saw 6 of its levels.

You collected 222 gold pieces.

Inventory:

Hand Weapons
 a - a +0 long sword (weapon)
Missiles
 d - 2 throwing nets (quivered)
Armour
 c - a +0 helmet (worn)
 r - a cursed +0 ring mail (worn)
 x - a +0 cloak of magic resistance (worn)
Wands
 b - a wand of random effects (0/48)
 w - a wand of teleportation (6/9)
Scrolls
 h - a scroll of magic mapping {unknown}
 i - 2 scrolls of remove curse {unknown}
 j - a scroll of blinking {unknown}
 q - 2 scrolls of identify {unknown}
 s - 3 scrolls of teleportation {unknown}
 t - a scroll of immolation {unknown}
 u - a scroll of enchant weapon {unknown}
Potions
 e - a potion of brilliance
 k - a potion of curing
 m - a potion of heal wounds {unknown}
 n - a potion of cure mutation {unknown}
 p - a potion of lignification {unknown}
 z - a potion of cancellation {unknown}
 B - a potion of might {unknown}
 C - a potion of degeneration {unknown}
Comestibles
 f - 3 bread rations
 g - 4 meat rations
 o - 3 beef jerkies
 v - a slice of pizza
 D - 4 fruits


   Skills:
 - Level 2.0 Fighting
 * Level 6.2 Long Blades
 - Level 1.7 Throwing
 - Level 3.4 Armour
 - Level 2.6 Dodging
 + Level 2.2 Invocations
 - Level 2.8 Evocations


You had 6 spell levels left.
You didn't know any spells.

Dungeon Overview and Level Annotations

Branches:
Dungeon (5/15)             Temple (1/1) D:5

Altars:
Ashenzari
Cheibriados
Dithmenos
Elyvilon
Fedhas
Gozag
Hepliaklqana
Kikubaaqudgha
Makhleb
Nemelex Xobeh
Okawaru
Qazlal
Ru
Sif Muna
Trog
Uskayaw
Vehumet
Xom
Yredelemnul
Zin
The Shining One

Annotations:
D:3 4thArraOfDagon's ghost, weakling MiBe
D:5 George's ghost, novice MiFi


Innate Abilities, Weirdness & Mutations

You are surrounded by a moderate repulsion field. (EV +3)
You sometimes gain a little power by taking damage.


Message History

a giant spiked club; a chunk of flesh
There is a staircase to the Ecumenical Temple, spattered with blood here.
Something hits you. Something barely misses you. Something hits you!
* * * LOW HITPOINT WARNING * * *
It was a potion of brilliance.
You feel clever all of a sudden. Something hits you.
* * * LOW HITPOINT WARNING * * *
You feel better. Something hits you.
* * * LOW HITPOINT WARNING * * *
Something hits you but does no damage.
You feel better. Something hits you!
* * * LOW HITPOINT WARNING * * *
It was a potion of flight.
You feel very buoyant.
You fly up into the air.
Something hits you!
You die...
Your body rises from the dead as a mindless zombie.

#.#.# #.#.#
#.#.# #.#.# #
#.#.# .# ##
#...######.#...
###............
#.###......#
#.# #@##.....
#. . #.###.#
##..###.. .
#...#.# # ...?
. ###.#.# #.
...###. #.#.#
###.### #$O.#.
#.#># #......
...#. #.#)# #.#
#.#####...
#.#.# #.#
#[..#.O...
#.#.#
#.###.#.#...##


There were no monsters in sight!

Vanquished Creatures
  An ice beast (D:5)
  An ogre (D:5)
  A big kobold (D:4)
  A giant frog zombie (D:5)
  A hound (D:4)
  A jelly (D:4)
  An orc wizard (D:3)
  A centaur skeleton (D:5)
  3 orc priests
  An iguana (D:4)
  2 worker ants (D:4)
  4 adders
  2 shadow imps
  An ooze (D:5)
  2 worms
  A dart slug (D:3)
  A giant gecko (D:1)
  20 orcs
  7 bats
  2 giant cockroaches
  5 hobgoblins
  12 kobolds
  A quokka (D:3)
  A ball python (D:2)
  4 giant newts
  7 goblins
  5 rats
  A fungus (D:3)
90 creatures vanquished.

Vanquished Creatures (collateral kills)
  Crazy Yiuf (D:3)
  An orc (D:3)
  A hobgoblin (D:3)
  A kobold (D:3)
4 creatures vanquished.

Grand Total: 94 creatures vanquished

Notes
Turn   | Place    | Note
-------+----------+-------------------------------------------
     0 | D:1      | sveltemanboy the Demonspawn Gladiator began the quest for the Orb.
     0 | D:1      | Reached XP level 1. HP: 16/16 MP: 1/1
    74 | D:1      | Reached skill level 3 in Long Blades
   195 | D:1      | Gained mutation: You are surrounded by a mild repulsion field. (EV +2) [demonic ancestry]
   195 | D:1      | Reached XP level 2. HP: 17/22 MP: 2/2
   840 | D:2      | Found a faded altar of an unknown god.
   880 | D:2      | Reached XP level 3. HP: 27/27 MP: 3/3
   927 | D:2      | Reached skill level 1 in Armour
  1575 | D:3      | Reached skill level 4 in Long Blades
  1575 | D:3      | Reached XP level 4. HP: 18/33 MP: 4/4
  1832 | D:3      | Noticed 4thArraOfDagon's ghost (weakling MiBe)
  1841 | D:3      | Reached skill level 1 in Evocations
  1981 | D:3      | Gained mutation: You are surrounded by a moderate repulsion field. (EV +3) [demonic ancestry]
  1981 | D:3      | Reached XP level 5. HP: 35/38 MP: 4/6
  2549 | D:3      | Found a runed door.
  2553 | D:3      | Noticed Crazy Yiuf
  2565 | D:3      | Killed Crazy Yiuf
  2759 | D:4      | Reached XP level 6. HP: 44/44 MP: 7/7
  2935 | D:4      | Reached skill level 5 in Long Blades
  3606 | D:5      | Entered Level 5 of the Dungeon
  3639 | D:5      | Gained mutation: You sometimes gain a little power by taking damage. [demonic ancestry]
  3639 | D:5      | Reached XP level 7. HP: 27/50 MP: 9/9
  3789 | D:5      | Upgraded the game from 0.19-a0-1498-g0b85ae9 to 0.19-a0-1532-g228a5d9
  3818 | D:5      | Found a staircase to the Ecumenical Temple.
  3827 | Temple   | Entered the Ecumenical Temple
  3935 | Temple   | Became a worshipper of Yredelemnul the Dark
  3979 | D:5      | Reached skill level 1 in Invocations
  4121 | D:5      | Reached skill level 6 in Long Blades
  4150 | D:5      | Noticed George's ghost (novice MiFi)
  4193 | D:5      | Slain by George's ghost

Vault maps used:
D:1:      dpeg_arrival_rhombus
D:2:      ecumenical_altar_1, hangedman_decor_clover_reticule, minmay_unequal
D:3:      first_bread, uniq_crazy_yiuf_cottage
D:5:      uniq_pikel
Temple:   kilobyte_greek_temple

Skill      XL: |  1  2  3  4  5  6  7 |
---------------+----------------------+-----
Long Blades    | 3 4 5 6 |  6.2
Armour         | 1 2 3 |  3.4
Evocations     | 1 2 |  2.8
Invocations    | 2 |  2.2
Fighting       | |  2.0
Throwing       | |  1.7
Dodging        | |  2.6

Action                   |  1- 3 |  4- 6 |  7- 9 || total
-------------------------+-------+-------+-------++-------
Melee: Long sword        |   131 |    82 |    19 ||   232
       Short sword       |    24 |   135 |       ||   159
Throw: Throwing net      |     1 |     4 |       ||     5
Evoke: Wand              |       |    26 |     7 ||    33
  Use: Potion            |     1 |       |     4 ||     5
 Stab: Held in net/web   |     1 |       |       ||     1
       Paralysed         |       |     9 |       ||     9
  Eat: Chunk             |     2 |     7 |     1 ||    10
Armor: Leather armour    |    12 |       |       ||    12
       Ring mail         |    20 |    35 |     3 ||    58
Dodge: Dodged            |    85 |    86 |    11 ||   182
